[Event "Titled Tuesday Blitz June 6 Early 2023"]
[White "Jaskolka, Tomasz"]
[Black "Quintiliano Pinto, Renato R."]
[WhiteFideId "1170791"]
[BlackFideId "2117568"]
[WhiteElo "2155"]
[BlackElo "2459"]
[Result "0-1"]
[Round "8"]
[TimeControl "180+2"]
[Date "2023.06.06"]
[WhiteClock "0:00:03"]
[BlackClock "0:00:17"]
[Board "50"]

1. d4 d5 2. Bf4 Nf6 3. e3 e6 4. c3 Bd6 5. Bg3 O-O 6. Nd2 c5 7. Ngf3 Qc7 8. Bd3 Nbd7 9. Qe2 e5 10. dxe5 Nxe5 11. Nxe5 Bxe5 12. Bxe5 Qxe5 13. Nf3 Qe7 14. h3 Re8 15. O-O Bd7 16. Rfe1 Bc6 17. Rad1 a6 18. Bb1 Rad8 19. Qc2 g6 20. Qe2 Ne4 21. Nd2 Nf6 22. Nf3 Qc7 23. Qc2 Qa5 24. c4 d4 25. exd4 Bxf3 26. Rxe8+ Rxe8 27. gxf3 cxd4 28. f4 Qh5 29. Kg2 Re2 30. Qd3 Ne4 31. Rf1 Nd2 32. Rd1 Ne4 33. Rf1 Nxf2 34. Rxf2 Re3 35. Qf1 Rxh3 36. Qg1 Qh4 37. Kf1 Rh1 38. Be4 Rxg1+ 39. Kxg1 Qg4+ 40. Kf1 Qd1+ 41. Kg2 d3 42. Bf3 Qc2 43. b3 d2 44. Kf1 d1=Q+ 45. Bxd1 Qxd1+ 46. Kg2 Qd3 47. Rf3 Qe2+ 48. Rf2 Qe4+ 49. Kg3 h5 50. c5 Qd3+ 51. Rf3 Qd2 52. b4 Qxb4 53. a3 Qxc5 54. a4 Qg1+ 55. Kh3 Qg4+ 56. Kh2 Qxf3 57. f5 h4 58. a5 h3 59. Kg1 Qg2# 0-1


[Site "https://www.chess.com"]

[Event "Titled Tuesday Blitz June 6 Early 2023"]
[White "Tristan, Leonardo"]
[Black "Sharapov, Evgeny"]
[WhiteFideId "113816"]
[BlackFideId "14103133"]
[WhiteElo "2461"]
[BlackElo "2367"]
[Result "1-0"]
[Round "8"]
[TimeControl "180+2"]
[Date "2023.06.06"]
[WhiteClock "0:01:30"]
[BlackClock "0:01:33"]
[Board "52"]

1. d4 Nf6 2. Nf3 e6 3. Bf4 d5 4. e3 c5 5. Nbd2 Bd6 6. Bb5+ Nc6 7. Bg3 O-O 8. c3 Qc7 9. dxc5 Bxg3 10. hxg3 Ne5 11. Nxe5 Qxe5 12. Nf3 Qc7 13. Qd4 Bd7 14. Bd3 h6 15. Ne5 Rfc8 16. g4 Qxc5 17. Qf4 Bb5 18. g5 hxg5 19. Qh2 Kf8 20. Qh8+ Ke7 21. Qxg7 Bxd3 22. Qxf7+ Kd6 23. Qxf6 Bf5 24. g4 Be4 25. Rh6 Re8 26. O-O-O b5 27. Rd4 a5 28. f3 b4 29. fxe4 bxc3 30. Rxd5+ 1-0


[Site "https://www.chess.com"]

[Event "Titled Tuesday Blitz June 6 Early 2023"]
[White "Arat, Ufuk Sezen"]
[Black "Radzhabov, Rodion"]
[WhiteFideId "6309089"]
[BlackFideId "884715"]
[WhiteElo "2289"]
[BlackElo "2174"]
[Result "1/2-1/2"]
[Round "8"]
[TimeControl "180+2"]
[Date "2023.06.06"]
[WhiteClock "0:00:08"]
[BlackClock "0:00:07"]
[Board "53"]

1. e4 c5 2. Nc3 Nc6 3. f4 g6 4. Nf3 Bg7 5. g3 e6 6. Bg2 Nge7 7. O-O O-O 8. d3 d6 9. Be3 b6 10. d4 d5 11. exd5 exd5 12. dxc5 d4 13. Nxd4 Nxd4 14. Bxa8 Ba6 15. Bg2 Bxf1 16. Bxf1 Nef5 17. Bf2 bxc5 18. Bg2 Re8 19. Ne4 Qb6 20. c3 Ne6 21. Qc2 Rd8 22. Re1 Qc7 23. Rd1 Re8 24. h3 h5 25. Qa4 Rb8 26. Rd7 Qb6 27. b4 h4 28. g4 Ng3 29. Nxc5 Nxc5 30. Bxc5 Qe6 31. Qd1 Ne2+ 32. Kh2 Nxf4 33. Rd8+ Rxd8 34. Qxd8+ Kh7 35. Qxh4+ Kg8 36. Qd8+ Kh7 37. Qh4+ Kg8 38. Bd4 Qxa2 39. Qd8+ Kh7 40. Qh4+ Kg8 41. Qf2 Qxf2 42. Bxf2 Bxc3 43. b5 Be5 44. Bxa7 Ne2+ 45. Kh1 Ng3+ 46. Kg1 Ne2+ 47. Kf2 Nd4 48. b6 Nb5 49. Ke2 Bd4 50. Kd3 Bg1 51. Kc4 Nxa7 52. bxa7 Bxa7 53. Kd5 Kg7 54. h4 Bf2 55. h5 gxh5 56. gxh5 Kh6 57. Bf3 f5 58. Ke5 Kg5 59. Be2 Bg3+ 60. Ke6 Bc7 61. h6 Kxh6 62. Kxf5 1/2-1/2


[Site "https://www.chess.com"]

[Event "Titled Tuesday Blitz June 6 Early 2023"]
[White "Baches Garcia, Guillermo"]
[Black "Amilal Munkhdalai"]
[WhiteFideId "2209764"]
[BlackFideId "4903250"]
[WhiteElo "2519"]
[BlackElo "2293"]
[Result "0-1"]
[Round "8"]
[TimeControl "180+2"]
[Date "2023.06.06"]
[WhiteClock "0:00:08"]
[BlackClock "0:01:26"]
[Board "54"]

1. e4 c5 2. Nf3 Nc6 3. d4 cxd4 4. Nxd4 Qc7 5. Nc3 e6 6. Be3 a6 7. g4 Bb4 8. Nxc6 Qxc6 9. Qd4 Bxc3+ 10. bxc3 f6 11. g5 b5 12. Rg1 Bb7 13. gxf6 gxf6 14. Rg7 e5 15. Qc5 d6 16. Qxc6+ Bxc6 17. O-O-O Rd8 18. Bb6 Rd7 19. Rxd7 Kxd7 20. Bh3+ Ke7 21. f3 Nh6 22. Bc7 Nf7 23. Bg4 h5 24. Bf5 Rg8 25. Rd2 Bd7 26. Bxd7 Kxd7 27. Bb6 Ke6 28. Kb2 h4 29. Be3 h3 30. c4 bxc4 31. Kc3 Rg2 32. Kxc4 Ng5 0-1


[Site "https://www.chess.com"]

[Event "Titled Tuesday Blitz June 6 Early 2023"]
[White "Kashlinskaya, Alina"]
[Black "Chernomordik, Pavel"]
[WhiteFideId "4198026"]
[BlackFideId "2804530"]
[WhiteElo "2383"]
[BlackElo "2193"]
[Result "1/2-1/2"]
[Round "8"]
[TimeControl "180+2"]
[Date "2023.06.06"]
[WhiteClock "0:01:26"]
[BlackClock "0:01:23"]
[Board "55"]

1. Nf3 g6 2. g3 Bg7 3. Bg2 e5 4. d3 Nc6 5. O-O d6 6. c4 Nge7 7. Nc3 h6 8. Bd2 O-O 9. Rb1 Be6 10. b4 Qd7 11. b5 Nd8 12. Ne1 Bh3 13. Nc2 Bxg2 14. Kxg2 Ne6 15. Ne3 f5 16. Ned5 f4 17. Nxe7+ Qxe7 18. f3 Nd4 19. Be1 Nf5 20. Bf2 h5 21. a4 Qg5 22. Ne4 Qe7 23. a5 Qe6 24. a6 b6 25. Qb3 Rae8 26. Ng5 Qe7 27. Ne4 Qe6 28. Ng5 Qe7 29. Ne4 Qe6 1/2-1/2


[Site "https://www.chess.com"]

[Event "Titled Tuesday Blitz June 6 Early 2023"]
[White "Tokman, Ariel"]
[Black "Fus, Jakub"]
[WhiteFideId "117420"]
[BlackFideId "1193023"]
[WhiteElo "2263"]
[BlackElo "2335"]
[Result "0-1"]
[Round "8"]
[TimeControl "180+2"]
[Date "2023.06.06"]
[WhiteClock "0:00:06"]
[BlackClock "0:01:03"]
[Board "56"]

1. c4 e6 2. Nf3 d5 3. d4 Nf6 4. Nc3 Nbd7 5. Bg5 Bb4 6. e3 c5 7. cxd5 exd5 8. Be2 Qa5 9. O-O Bxc3 10. bxc3 Ne4 11. Bf4 Nxc3 12. Qe1 Nxe2+ 13. Qxe2 O-O 14. dxc5 Nxc5 15. Rac1 Be6 16. Ng5 Ne4 17. Nxe6 fxe6 18. Qb2 Rf7 19. Be5 Raf8 20. f3 Nc5 21. Bd6 Nd3 22. Qc3 Qa6 23. Bxf8 Nxc1 24. Rxc1 Rxf8 25. Qe5 b5 26. h4 h6 27. h5 Rf5 28. Qh2 Qb6 29. Kf2 d4 30. e4 d3+ 31. Kg3 Qd6+ 0-1


[Site "https://www.chess.com"]

[Event "Titled Tuesday Blitz June 6 Early 2023"]
[White "Ashraf, Artin"]
[Black "Zheenbekov, Nurgazy"]
[WhiteFideId "22514805"]
[BlackFideId "13800485"]
[WhiteElo "2224"]
[BlackElo "1975"]
[Result "1-0"]
[Round "8"]
[TimeControl "180+2"]
[Date "2023.06.06"]
[WhiteClock "0:00:03"]
[BlackClock "0:00:12"]
[Board "57"]

1. d4 Nf6 2. Bg5 d5 3. Bxf6 exf6 4. e3 Bd6 5. c4 dxc4 6. Bxc4 O-O 7. Nc3 c6 8. Nf3 f5 9. O-O Nd7 10. Qb3 Nf6 11. Ne5 Qe7 12. f4 Rb8 13. Rae1 Bd7 14. e4 b5 15. Bxf7+ Rxf7 16. Qxf7+ Qxf7 17. Nxf7 Kxf7 18. e5 b4 19. Nb1 Be7 20. exf6 Bxf6 21. Nd2 Bxd4+ 22. Kh1 Bxb2 23. Nc4 Bc3 24. Ne5+ Bxe5 25. Rxe5 Be6 26. Ra5 Rb7 27. Rc1 Bd5 28. Kg1 Ke6 29. Kf2 Kd6 30. Rc2 Re7 31. Re2 Be4 32. Rd2+ Bd5 33. Re2 Rb7 34. Ke1 g6 35. Kd2 h5 36. g3 h4 37. gxh4 Rh7 38. Rf2 Rxh4 39. Rxa7 Rh3 40. Kc1 Re3 41. Rg7 Be4 42. Rxg6+ Kc5 43. h4 Re1+ 44. Kd2 Ra1 45. Ke3 Rh1 46. Rh6 Rh3+ 47. Ke2 Kc4 48. h5 c5 49. Rh8 Bd3+ 50. Kd2 Be4 51. h6 Kd4 52. h7 Bd5 53. Ke1 Rh1+ 54. Rf1 Rh2 55. Rg1 c4 56. Rg7 c3 57. Rc8 Rh1+ 58. Kf2 Rh2+ 59. Kg3 Rh1 60. h8=Q Rxh8 61. Rxh8 c2 62. Rc8 Bc4 63. Rd7+ Kc3 64. Rdc7 Kb2 65. Rxc4 Kxa2 66. Rxb4 1-0


[Site "https://www.chess.com"]

[Event "Titled Tuesday Blitz June 6 Early 2023"]
[White "Veiga, Jose Francisco R P Neves"]
[Black "Pinheiro, Iung Alicio de O."]
[WhiteFideId "1930087"]
[BlackFideId "2104350"]
[WhiteElo "2319"]
[BlackElo "2283"]
[Result "1-0"]
[Round "8"]
[TimeControl "180+2"]
[Date "2023.06.06"]
[WhiteClock "0:00:12"]
[BlackClock "0:00:03"]
[Board "58"]

1. d4 Nf6 2. Nf3 e6 3. Bg5 h6 4. Bh4 d6 5. Nbd2 g5 6. Bg3 Nh5 7. e4 Bg7 8. c3 a6 9. a4 b6 10. Bd3 Bb7 11. O-O Nd7 12. Re1 Qe7 13. Qe2 e5 14. Nc4 Nf4 15. Bxf4 gxf4 16. b4 Bf6 17. Kh1 Rg8 18. Rad1 Rg6 19. Bc2 O-O-O 20. d5 Rdg8 21. Rg1 R8g7 22. Bd3 Qf8 23. Ncd2 Qg8 24. Ne1 Nb8 25. c4 Kd8 26. f3 Bc8 27. Nb3 Bh4 28. c5 Bg3 29. cxb6 cxb6 30. hxg3 Rxg3 31. Qf2 R7g5 32. Rf1 Nd7 33. Rc1 Rh5+ 34. Kg1 Qg5 35. Rxc8+ Kxc8 36. Qc2+ Kd8 37. Bxa6 Qh4 38. a5 bxa5 39. bxa5 Qh2+ 40. Kf2 Rhg5 41. Rg1 Qh4 42. Kf1 Ke7 43. Bb5 Nf6 44. a6 Ng4 45. fxg4 Qxg4 46. Be2 f3 47. Bxf3 Qf4 48. a7 Qe3 49. a8=Q Kf6 50. Qf2 Qxb3 51. Bh5+ 1-0


[Site "https://www.chess.com"]

[Event "Titled Tuesday Blitz June 6 Early 2023"]
[White "Goltsev, Dmitry"]
[Black "Srebrnic, Marko"]
[WhiteFideId "24176710"]
[BlackFideId "14603616"]
[WhiteElo "2356"]
[BlackElo "2341"]
[Result "1-0"]
[Round "8"]
[TimeControl "180+2"]
[Date "2023.06.06"]
[WhiteClock "0:02:53"]
[BlackClock "0:02:09"]
[Board "59"]

1. e4 c5 2. Nf3 e6 3. d4 cxd4 4. Nxd4 a6 5. Nc3 Qc7 6. Be2 Nf6 7. O-O b6 8. f4 d6 9. Bf3 Bb7 10. e5 Nfd7 11. exd6 Bxd6 12. Bxb7 Qxb7 13. Nxe6 Bc5+ 14. Nxc5 Nxc5 15. Re1+ 1-0


[Site "https://www.chess.com"]

[Event "Titled Tuesday Blitz June 6 Early 2023"]
[White "Machidon, Cristi"]
[Black "Shuvalova, Polina"]
[WhiteFideId "13904590"]
[BlackFideId "24171760"]
[WhiteElo "2355"]
[BlackElo "2281"]
[Result "0-1"]
[Round "8"]
[TimeControl "180+2"]
[Date "2023.06.06"]
[WhiteClock "0:00:36"]
[BlackClock "0:01:28"]
[Board "60"]

1. Nf3 Nf6 2. d4 d5 3. c4 e6 4. Nc3 c5 5. cxd5 Nxd5 6. e4 Nxc3 7. bxc3 cxd4 8. cxd4 Bb4+ 9. Bd2 Bxd2+ 10. Qxd2 O-O 11. Bc4 Nd7 12. O-O b6 13. Rad1 Bb7 14. Rfe1 Nf6 15. Qf4 Rc8 16. Bb3 Qc7 17. Qh4 h6 18. d5 exd5 19. e5 Ne4 20. Nd4 Qd8 21. Qxd8 Rfxd8 22. Nf5 Kf8 23. f3 Nc3 24. Rd2 Rc5 25. Re3 g6 26. Nxh6 a5 27. e6 fxe6 28. Rxe6 a4 29. Bc2 Rc6 30. Rxc6 Bxc6 31. a3 Kg7 32. Ng4 d4 33. Ne5 Be8 34. f4 b5 35. Kf2 b4 36. axb4 a3 37. Bb3 Ne4+ 38. Ke1 Nxd2 39. Kxd2 Rb8 40. Nd3 Bf7 41. Kc2 a2 0-1


[Site "https://www.chess.com"]

[Event "Titled Tuesday Blitz June 6 Early 2023"]
[White "Aarav Dengla"]
[Black "Jeet, Jain"]
[WhiteFideId "45059756"]
[BlackFideId "5073022"]
[WhiteElo "2288"]
[BlackElo "2067"]
[Result "1/2-1/2"]
[Round "8"]
[TimeControl "180+2"]
[Date "2023.06.06"]
[WhiteClock "0:00:08"]
[BlackClock "0:00:04"]
[Board "61"]

1. e4 c6 2. d4 d5 3. exd5 cxd5 4. Bd3 Nf6 5. h3 Nc6 6. c3 e5 7. dxe5 Nxe5 8. Nf3 Nxd3+ 9. Qxd3 Be7 10. O-O O-O 11. Bg5 h6 12. Bxf6 Bxf6 13. Rd1 Be6 14. Na3 Qb6 15. Rab1 Rad8 16. Nc2 Qa5 17. Ncd4 Rfe8 18. Re1 Bc8 19. a3 a6 20. Re3 Rxe3 21. Qxe3 Qc7 22. Rd1 b5 23. Ne2 Bb7 24. Nf4 Qc4 25. Nh5 Qc6 26. Nxf6+ Qxf6 27. Rd4 Bc6 28. Rf4 Qd6 29. Nd4 Re8 30. Qd2 Bb7 31. Rg4 Qf6 32. Rf4 Qd6 33. Rf3 Re4 34. Nf5 Qe5 35. Ne3 d4 36. cxd4 Qxd4 37. Qc2 Re8 38. Rg3 Rc8 39. Qb3 Rc1+ 40. Kh2 Qe5 41. Ng4 Qf4 42. Qe3 Qxe3 43. Rxe3 Rc2 44. Re8+ Kh7 45. Re7 Bc6 46. Rc7 Be4 47. Rxf7 Kg6 48. Ra7 Rxb2 49. Rxa6+ Kh7 50. Ra7 Kg6 51. Re7 Bb1 52. Rb7 h5 53. Ne3 Rxf2 54. Rb6+ Kh7 55. Rxb5 Be4 56. Rxh5+ Kg6 57. Rh4 Bb7 58. Rg4+ Kh7 59. Rb4 Bc6 60. Rc4 Bb7 61. a4 Re2 62. Rc3 Ra2 63. Rc4 Re2 64. Rc7 Ba8 65. Re7 Ra2 66. Kg3 Rxa4 67. Nf5 Ra3+ 68. Kh4 Kg6 69. Nxg7 Bxg2 70. Kg4 Ra4+ 71. Kg3 Ba8 72. Ne6 Ra3+ 73. Kg4 Kf6 74. Re8 Bc6 75. Nc7 Bxe8 76. Nxe8+ Ke7 77. Ng7 Ra4+ 78. Kf5 Ra5+ 79. Kg4 Ra6 80. Nf5+ Kf6 81. Ng3 Ra5 82. Kf4 Ra4+ 83. Kf3 Kg6 84. Ne2 Kg5 85. Kg3 Ra3+ 86. Kg2 Kh4 87. Kf2 Kxh3 88. Nf4+ Kg4 89. Ne2 Ra2 90. Ke3 Ra3+ 91. Ke4 Kg5 92. Nd4 Kf6 93. Nf3 Ra4+ 94. Ke3 Kf5 95. Nd4+ Ke5 96. Nf3+ Kd5 97. Ng5 Rg4 98. Nf3 Rb4 99. Ng5 Rb8 100. Kf4 Rf8+ 101. Ke3 Ke5 102. Nf3+ Kd5 103. Nd2 Rf5 104. Nf3 Rh5 105. Kf4 Rh8 106. Ke3 Re8+ 107. Kf4 Re2 108. Ng5 Re7 109. Nf3 Ra7 110. Ke3 Ra3+ 111. Kf4 Ra4+ 112. Ke3 Ke6 113. Nd4+ Kf6 114. Nf3 Ra3+ 115. Kf4 Ra1 116. Ke4 Ra7 117. Kf4 Re7 118. Nd4 Rd7 119. Nf3 Rh7 120. Ke4 Rh5 121. Kf4 Ra5 122. Ke4 Rb5 123. Ke3 Rb4 124. Nd4 Kg5 125. Nf3+ Kg4 126. Nd4 Kg3 127. Ne2+ Kg4 128. Nd4 Ra4 129. Ke4 Ra1 130. Nc2 Rc1 131. Ne3+ Kg5 132. Kd3 Kf4 133. Nd5+ Kf3 134. Nc3 Ra1 135. Kd2 Rh1 136. Kd3 Rh8 137. Nd5 Re8 1/2-1/2


[Site "https://www.chess.com"]

[Event "Titled Tuesday Blitz June 6 Early 2023"]
[White "Manukyan, Sargis V."]
[Black "Nemec, Jachym"]
[WhiteFideId "13303465"]
[BlackFideId "23716525"]
[WhiteElo "2236"]
[BlackElo "2347"]
[Result "1-0"]
[Round "8"]
[TimeControl "180+2"]
[Date "2023.06.06"]
[WhiteClock "0:00:58"]
[BlackClock "0:01:53"]
[Board "62"]

1. Nc3 d5 2. d4 Nf6 3. Bf4 e6 4. e3 Bb4 5. Bd3 c5 6. g4 Nc6 7. g5 Nd7 8. Nf3 c4 9. Be2 Nb6 10. a3 Bxc3+ 11. bxc3 Na4 12. Qd2 Qa5 13. Ne5 Qxc3 14. Qxc3 Nxc3 15. Nxc6 bxc6 16. Bf3 Ke7 17. Kd2 Na4 18. Rab1 c3+ 19. Kc1 Ba6 20. Rb3 Bb5 21. h4 f6 22. Rg1 Rhg8 23. h5 Nb6 24. Rxc3 Bc4 25. Kd2 Na4 26. Rxc4 dxc4 27. Bxc6 Nb6 28. Bxa8 Nxa8 29. gxf6+ Kxf6 30. Be5+ Kf7 31. a4 Nb6 32. a5 Nd7 33. Bd6 1-0


[Site "https://www.chess.com"]

[Event "Titled Tuesday Blitz June 6 Early 2023"]
[White "Hua, Lefong"]
[Black "Arencibia Monduy, Antonio"]
[WhiteFideId "2602253"]
[BlackFideId "3507939"]
[WhiteElo "2634"]
[BlackElo "2492"]
[Result "1-0"]
[Round "8"]
[TimeControl "180+2"]
[Date "2023.06.06"]
[WhiteClock "0:00:55"]
[BlackClock "0:00:08"]
[Board "63"]

1. d4 Nf6 2. c4 e6 3. Nc3 d5 4. cxd5 exd5 5. Bg5 Be7 6. e3 c6 7. Bd3 O-O 8. Qc2 h6 9. Bh4 Re8 10. Nge2 Ne4 11. Bxe7 Qxe7 12. O-O Nxc3 13. bxc3 Nd7 14. Ng3 Nf6 15. Rae1 c5 16. f3 c4 17. Bf5 Bxf5 18. Nxf5 Qd7 19. e4 b5 20. e5 Nh7 21. f4 b4 22. cxb4 a5 23. b5 Nf8 24. a4 Ne6 25. Nd6 Nxd4 26. Qd1 Qa7 27. Kh1 Re6 28. f5 Ree8 29. Nxe8 Rxe8 30. Rf4 Nb3 31. Qxd5 Rc8 32. Rxc4 Rxc4 33. Qxc4 Qf2 34. Rd1 Nd2 35. Qd3 1-0


[Site "https://www.chess.com"]

[Event "Titled Tuesday Blitz June 6 Early 2023"]
[White "Andreev, Konstantin"]
[Black "Vlassov, Nikolai"]
[WhiteFideId "24239305"]
[BlackFideId "4103360"]
[WhiteElo "2106"]
[BlackElo "2324"]
[Result "1-0"]
[Round "8"]
[TimeControl "180+2"]
[Date "2023.06.06"]
[WhiteClock "0:00:02"]
[BlackClock "0:00:01"]
[Board "64"]

1. e4 Nc6 2. Nf3 d5 3. exd5 Qxd5 4. Nc3 Qa5 5. d3 Bg4 6. Be2 O-O-O 7. O-O Nf6 8. h3 Bh5 9. Bd2 e5 10. a3 Qc5 11. b4 Qd6 12. b5 Bxf3 13. Bxf3 Nd4 14. a4 Be7 15. a5 Rd7 16. b6 cxb6 17. Nb5 Nxf3+ 18. Qxf3 Qd5 19. Nxa7+ Kb8 20. Qxd5 Rxd5 21. axb6 Nd7 22. Rfb1 Bc5 23. Rb5 Nxb6 24. c4 Rxd3 25. Rxc5 Rxd2 26. Nb5 f6 27. Rc7 Rd7 28. Rxd7 Nxd7 29. Rd1 Nb6 30. c5 Na4 31. Rd7 Nxc5 32. Rxg7 h5 33. Rf7 Rd8 34. Rxf6 Rd1+ 35. Kh2 Kc8 36. Rf5 Nd3 37. Rxh5 Rd2 38. Rh7 Rxf2 39. Nd6+ Kd8 40. Nxb7+ Ke8 41. Nd6+ Kf8 42. Ne4 Re2 43. Nc3 Rc2 44. Nd5 Rf2 45. Kg3 Rf1 46. Rc7 e4 47. Re7 Nc5 48. Rd7 Rf5 49. Ne3 Rf6 50. Rc7 1-0


[Site "https://www.chess.com"]

[Event "Titled Tuesday Blitz June 6 Early 2023"]
[White "Domingo Nunez, Alejandro"]
[Black "Ismayil, Malak"]
[WhiteFideId "22245561"]
[BlackFideId "13412604"]
[WhiteElo "2291"]
[BlackElo "1868"]
[Result "1-0"]
[Round "8"]
[TimeControl "180+2"]
[Date "2023.06.06"]
[WhiteClock "0:00:25"]
[BlackClock "0:00:04"]
[Board "65"]

1. Nf3 Nf6 2. g3 e6 3. Bg2 d5 4. O-O Be7 5. c4 O-O 6. b3 c5 7. cxd5 exd5 8. d4 Bg4 9. Bb2 Nc6 10. dxc5 Bxc5 11. Nc3 a6 12. Rc1 Ba7 13. Na4 Re8 14. Nc5 Rb8 15. Nxa6 Rc8 16. Nc5 Qe7 17. Nd3 Qxe2 18. Bxf6 gxf6 19. Qxe2 Rxe2 20. Nf4 Rxa2 21. Nxd5 Kg7 22. h3 Be6 23. Nf4 Bxb3 24. Nh5+ Kg6 25. g4 Rd8 26. Nh4+ Kh6 27. Nf5+ Kg6 28. Be4 Kg5 29. Rc3 Bd5 30. Bb1 Rb2 31. Rg3 Rxb1 32. h4+ Kg6 33. Nf4# 1-0


[Site "https://www.chess.com"]

[Event "Titled Tuesday Blitz June 6 Early 2023"]
[White "Fiorito, Joaquin"]
[Black "LangesNasenhaar"]
[WhiteFideId "180173"]
[WhiteElo "2199"]
[BlackElo "2483"]
[Result "1-0"]
[Round "8"]
[TimeControl "180+2"]
[Date "2023.06.06"]
[WhiteClock "0:00:13"]
[BlackClock "0:00:07"]
[Board "66"]

1. d4 g6 2. e4 Bg7 3. Nc3 c6 4. f4 d5 5. e5 h5 6. Nf3 Bg4 7. Bd3 Nh6 8. Be3 Nf5 9. Bf2 e6 10. O-O Bf8 11. a4 a5 12. Ne2 Bxf3 13. gxf3 h4 14. c4 dxc4 15. Bxc4 Nd7 16. Nc3 Nb6 17. Bb3 Nd5 18. Qd2 Be7 19. Ne4 Kf8 20. Kh1 Kg7 21. Rg1 Qb6 22. Bc2 Qb4 23. Nc3 Rad8 24. Bxf5 exf5 25. Rad1 Nc7 26. Qc2 Kf8 27. Na2 Qb6 28. d5 Qa6 29. d6 Nd5 30. Rxd5 cxd5 31. Qc7 Re8 32. dxe7+ Kg8 33. Qd6 Qe2 34. Rxg6+ Kh7 35. Rh6+ Kg8 36. Rxh8+ Kxh8 37. Qf6+ Kg8 38. Qg5+ Kh8 39. Qxh4+ Kg8 40. Qg5+ Kh8 41. Kg2 Qa6 42. Nc3 Qe6 43. Qf6+ Kh7 44. Bh4 Rg8+ 45. Kf2 Qd7 46. Qxf7+ Rg7 47. Qh5+ Kg8 48. e8=Q+ Qxe8 49. Qxe8+ Kh7 50. Bf6 Rg8 51. Qh5# 1-0


[Site "https://www.chess.com"]

[Event "Titled Tuesday Blitz June 6 Early 2023"]
[White "Lee, Qing Aun"]
[Black "Zaitsev, Alexander"]
[WhiteFideId "5804167"]
[BlackFideId "4164490"]
[WhiteElo "2179"]
[BlackElo "2373"]
[Result "1-0"]
[Round "8"]
[TimeControl "180+2"]
[Date "2023.06.06"]
[WhiteClock "0:00:55"]
[BlackClock "0:00:04"]
[Board "67"]

1. d4 Nf6 2. Nc3 d5 3. Bf4 a6 4. e3 e6 5. g4 Bb4 6. Bg2 h6 7. h3 c5 8. Ne2 Nc6 9. O-O cxd4 10. exd4 O-O 11. Ng3 Bd6 12. Nce2 Bxf4 13. Nxf4 Qb6 14. c3 Qxb2 15. Qf3 Qa3 16. Nfh5 Nxh5 17. Nxh5 Bd7 18. Qg3 Qe7 19. f4 f5 20. gxf5 Rxf5 21. Bf3 Be8 22. Bg4 Rxh5 23. Rae1 Nd8 24. Bxh5 Bxh5 25. f5 Qg5 26. Qxg5 hxg5 27. fxe6 Nc6 28. Rf5 Bg6 29. Rxd5 Re8 30. Rxg5 Bd3 31. d5 Nd8 32. e7 Nf7 33. d6 Bb5 34. Rd5 Bd7 35. Red1 g6 36. Rc5 Kg7 37. Rc7 Ne5 38. Rd5 Kf6 39. Rxe5 Kxe5 40. Rxd7 Ke6 41. Rd8 1-0


[Site "https://www.chess.com"]

[Event "Titled Tuesday Blitz June 6 Early 2023"]
[White "Gubajdullin, Alexei"]
[Black "Jovic, Stanoje"]
[WhiteFideId "4141202"]
[BlackFideId "905020"]
[WhiteElo "2279"]
[BlackElo "2236"]
[Result "1-0"]
[Round "8"]
[TimeControl "180+2"]
[Date "2023.06.06"]
[WhiteClock "0:00:44"]
[BlackClock "0:00:01"]
[Board "68"]

1. d4 Nf6 2. Nf3 e6 3. Bf4 d5 4. e3 Bd6 5. Bg3 O-O 6. Nbd2 b6 7. Ne5 Bxe5 8. dxe5 Nfd7 9. Bd3 c5 10. Nf3 Ba6 11. O-O Bxd3 12. cxd3 Nc6 13. a3 a5 14. Qa4 Qc7 15. h4 b5 16. Qg4 a4 17. Bf4 Kh8 18. h5 h6 19. Qh3 Qd8 20. g4 f6 21. exf6 Qxf6 22. Kg2 e5 23. Bg3 e4 24. dxe4 dxe4 25. Nh4 Nde5 26. Rad1 Qe6 27. Rd2 Kg8 28. Rfd1 Nd3 29. Nf5 c4 30. Bd6 Rxf5 31. gxf5 Qxd6 32. Qg4 Re8 33. Kh3 Qf6 34. Rg1 Re5 35. Kh2 Ne7 36. f4 exf3 37. Qxf3 Nxf5 38. Rdg2 Qh4+ 39. Qh3 Qxh3+ 40. Kxh3 Rxe3+ 41. Kg4 Re4+ 42. Kxf5 Re7 43. Kg4 Kh7 44. Kf3 Ne5+ 45. Kf4 Nd3+ 46. Kg3 Rf7 47. Kh3 Re7 48. Kh2 Rf7 49. Re2 Nf4 50. Rf2 Rf5 51. Rg4 Rxh5+ 52. Kg3 Ne6 53. Re4 Ng5 54. Re7 Rh3+ 55. Kg4 1-0


[Site "https://www.chess.com"]

[Event "Titled Tuesday Blitz June 6 Early 2023"]
[White "Girya, Olga"]
[Black "Hristodoulou, Panagiotis"]
[WhiteFideId "4195752"]
[BlackFideId "4214340"]
[WhiteElo "2263"]
[BlackElo "2272"]
[Result "1-0"]
[Round "8"]
[TimeControl "180+2"]
[Date "2023.06.06"]
[WhiteClock "0:00:29"]
[BlackClock "0:00:02"]
[Board "69"]

1. d4 Nf6 2. Nf3 e6 3. c4 Bb4+ 4. Bd2 a5 5. a3 Bxd2+ 6. Qxd2 d6 7. Nc3 Nbd7 8. e4 e5 9. Bd3 a4 10. O-O exd4 11. Nxd4 O-O 12. Bc2 Nc5 13. Rfe1 Re8 14. Rad1 Bd7 15. h3 Qe7 16. f4 Be6 17. Nxe6 Qxe6 18. e5 dxe5 19. Rxe5 Qxc4 20. Qd4 Qxd4+ 21. Rxd4 Ne6 22. Rxa4 Rxa4 23. Bxa4 c6 24. f5 Nd4 25. Rxe8+ Nxe8 26. g4 h5 27. Kf2 hxg4 28. hxg4 Nf6 29. Bd1 Kf8 30. Ke3 c5 31. Ne4 Nd5+ 32. Kd3 b6 33. b4 cxb4 34. Kxd4 bxa3 35. Bb3 Nb4 36. Nc3 Ke7 37. Nd5+ Nxd5 38. Kxd5 Kf6 39. Ke4 g6 40. Kf4 gxf5 41. gxf5 Ke7 42. Ke5 f6+ 43. Kd5 b5 44. Kc5 Kd7 45. Kb4 Kd6 46. Kxa3 1-0


[Site "https://www.chess.com"]

[Event "Titled Tuesday Blitz June 6 Early 2023"]
[White "KorolDimitriy75"]
[Black "Perez, Maximiliano"]
[BlackFideId "117234"]
[WhiteElo "2467"]
[BlackElo "2334"]
[Result "0-1"]
[Round "8"]
[TimeControl "180+2"]
[Date "2023.06.06"]
[WhiteClock "0:00:03"]
[BlackClock "0:01:06"]
[Board "70"]

1. d4 Nf6 2. c4 e6 3. Nc3 Bb4 4. Qc2 O-O 5. e4 Bxc3+ 6. bxc3 d6 7. e5 dxe5 8. dxe5 Ng4 9. Nf3 Nc6 10. Ba3 Re8 11. Rd1 Bd7 12. Qe4 f5 13. Qf4 Qc8 14. Be2 b6 15. h3 Nh6 16. O-O Rd8 17. Rd2 Be8 18. Nd4 Nf7 19. Rfd1 Ncxe5 20. c5 Ba4 21. Re1 Ng6 22. Qg3 e5 23. Nf3 Rxd2 24. Nxd2 Qd7 25. Nf3 Re8 26. Bc4 f4 27. Qh2 Kh8 0-1


[Site "https://www.chess.com"]

[Event "Titled Tuesday Blitz June 6 Early 2023"]
[White "Aldokhin, Ivan"]
[Black "Ramirez Vido, Robert Yorisan"]
[WhiteFideId "24115720"]
[BlackFideId "3513823"]
[WhiteElo "2322"]
[BlackElo "2466"]
[Result "1-0"]
[Round "8"]
[TimeControl "180+2"]
[Date "2023.06.06"]
[WhiteClock "0:00:02"]
[BlackClock "0:00:02"]
[Board "71"]

1. e4 d6 2. d4 Nf6 3. Nc3 g6 4. Bg5 Bg7 5. Qd2 c6 6. f4 O-O 7. Bd3 b5 8. Nf3 Qb6 9. e5 b4 10. Ne2 Nd5 11. O-O Bg4 12. Kh1 f6 13. exf6 exf6 14. Bh4 f5 15. Ng5 Bxe2 16. Qxe2 Bxd4 17. Bc4 Bf6 18. Qe6+ Kg7 19. Bxd5 cxd5 20. Qxd5 Bxg5 21. fxg5 Nc6 22. Bf2 Qc7 23. c3 bxc3 24. Rac1 Ne5 25. Rxc3 Qe7 26. Rfc1 Rad8 27. Bd4 Rd7 28. h3 Rfd8 29. Re1 Qxg5 30. Rxe5 dxe5 31. Qxe5+ Kf7 32. Qg7+ Ke6 33. Qe5+ Kf7 34. Rc4 Rxd4 35. Rxd4 Rxd4 36. Qxd4 Qc1+ 37. Kh2 Qc7+ 38. Kh1 Qc1+ 39. Kh2 Qc7+ 40. Kg1 Qc1+ 41. Kf2 Qc2+ 42. Kf3 Qc7 43. Kf2 Ke7 44. Qe3+ Kd6 45. Qc3 Qb6+ 46. Kf3 Ke6 47. Kg3 Kd6 48. Qd3+ Ke6 49. Qc4+ Kf6 50. Qc3+ Ke6 51. h4 Kd6 52. Qd2+ Ke7 53. Qe2+ Kd7 54. Qd2+ Ke7 55. b3 Qc7+ 56. Qf4 Qc3+ 57. Kh2 Qc2 58. Qe5+ Kf7 59. b4 Qxa2 60. Qc7+ Kf6 61. Qc6+ Kf7 62. Qd5+ Kf6 63. Qxa2 1-0


[Site "https://www.chess.com"]